Map: Cactus Valley LE (Void)

Players

AtoM

  • Race: Terran Terran

Manderda - Winner!

  • Race: Zerg Zerg

VOD

Have the link to the VOD?

Description

Time

  • Played on: May 11, 2015, 10:38 a.m.
  • Length: 8:24
Show
View Real Time Build Order
Export as new Build Order

AtoM Terran 

Build Orders: Command Center First (CC), MMM Bio 

Get SALT Encoding   

  12  0:01  SCV  
  13  0:13  SCV  
  14  0:22  Supply Depot  
  14  0:26  SCV  
  15  0:44  SCV  
  16  0:56  SCV  
  17  1:06  Command Center  
  17  1:09  SCV  
  18  1:18  Barracks  
  18  1:25  Refinery  
  18  1:33  SCV  
  19  1:45  SCV  
  20  1:57  SCV  
  21  2:07  Marine  
  22  2:12  Orbital Command  
  22  2:18  Orbital Command  
  22  2:25  Factory, Marine  
  23  2:39  SCV  
  23  2:41  Bunker  
  24  2:44  Barracks Reactor  
  24  2:45  SCV  
  24  2:51  SCV, Refinery  
  26  2:55  Supply Depot  
  26  2:57  SCV  
  27  3:03  SCV  
  28  3:09  SCV  
  29  3:15  SCV  
  29  3:16  Supply Depot  
  30  3:22  SCV  
  31  3:27  SCV, Barracks Tech Lab, Hellion  
  31  3:28  Hellion  
  31  3:34  SCV  
  37  3:39  SCV  
  38  3:46  SCV  
  38  3:47  Command Center, Marine  
  40  3:48  Stimpack  
  40  3:49  Hellion  
  40  3:50  Hellion  
  40  3:51  SCV  
  45  3:58  SCV  
  46  4:03  SCV  
  46  4:05  Marine  
  46  4:08  Refinery x2  
  48  4:10  SCV, Hellion  
  48  4:11  Hellion  
  48  4:15  Supply Depot, SCV  
  54  4:24  Engineering Bay  
  54  4:25  Engineering Bay  
  54  4:36  SCV x2, Marine  
  57  4:40  Supply Depot  
  57  4:41  Supply Depot  
  57  4:52  Terran Infantry Weapons Level 1, Terran Infantry Armor Level 1  
  57  5:03  Supply Depot  
  57  5:04  Barracks  
  57  5:06  Barracks  
  56  5:08  Barracks  
  56  5:09  Marine  
  56  5:11  Starport, Barracks  
  56  5:12  SCV  
  58  5:17  SCV  
  59  5:22  Orbital Command  
  59  5:24  SCV  
  59  5:26  Supply Depot  
  59  5:27  Marine  
  61  5:29  SCV  
  62  5:36  SCV  
  62  5:39  Armory  
  62  5:41  Supply Depot, SCV  
  64  5:45  Supply Depot  
  64  5:46  Factory Reactor  
  64  5:52  Factory, Starport Reactor  
  64  5:54  Marine x2  
  66  5:57  SCV x2, Orbital Command  
  68  6:04  Combat Shields  
  68  6:05  Barracks Tech Lab  
  68  6:06  Barracks Reactor x2  
  68  6:09  SCV  
  69  6:11  SCV  
  69  6:16  Marine x2  
  69  6:17  Marine  
  73  6:21  SCV  
  73  6:23  SCV  
  73  6:24  SCV  
  76  6:29  Marine  
  76  6:30  Concussive Shells  
  77  6:34  SCV, Marine x2  
  77  6:35  Marine  
  77  6:36  SCV x2  
  83  6:43  Marine  
  83  6:44  Marine x3  
  83  6:46  Marine  
  88  6:48  SCV x2  
  88  6:51  Marine x2, Widow Mine  
  88  6:53  Marine  
  92  7:01  Marine x2  
  92  7:02  Marine x2  
  92  7:05  Marauder  
  93  7:09  Marine x2  
  93  7:11  Marauder  
  73  7:17  Medivac x2  
  73  7:19  Marine x3  
  73  7:20  Marine  
  75  7:26  Marauder  
  75  7:27  Marine x2  
  70  7:32  Marauder  
  58  7:37  Marine  
  58  7:39  Marine x2  
  58  7:43  Marine  
  56  7:45  Marine  
  56  7:47  Medivac  
  56  7:52  Marine  
  56  7:57  Marine  
  56  7:58  Marine  
  60  7:59  Marine  
  60  8:03  Marine  
  60  8:04  SCV x3  
  58  8:06  Marine  
Show
View Real Time Build Order
Export as new Build Order

Manderda Zerg - Winner!

Build Orders: Hatch First 

Get SALT Encoding   

  12  0:13  Overlord  
  12  0:15  Drone  
  12  0:18  Drone  
  14  0:35  Drone  
  15  0:38  Drone  
  16  0:50  Drone  
  18  0:57  Drone  
  18  0:59  Hatchery  
  17  1:07  Drone  
  18  1:17  Spawning Pool  
  18  1:18  Drone  
  18  1:31  Drone  
  19  1:43  Overlord  
  19  1:50  Drone  
  20  2:01  Drone  
  21  2:04  Queen  
  23  2:11  Queen  
  23  2:13  Zergling x4  
  23  2:14  Spine Crawler  
  26  2:23  Overlord  
  26  2:24  Drone  
  27  2:40  Drone x2  
  27  2:44  Drone, Queen  
  30  2:46  Queen  
  30  2:47  Overlord  
  34  2:59  Drone x2  
  36  3:08  Drone  
  36  3:09  Drone  
  38  3:13  Drone  
  38  3:15  Drone  
  38  3:16  Drone  
  38  3:17  Hatchery  
  40  3:21  Drone x2  
  42  3:28  Drone x2  
  42  3:29  Drone  
  42  3:31  Drone x2  
  47  3:34  Drone  
  47  3:38  Drone  
  49  3:42  Extractor  
  49  3:44  Extractor  
  49  3:45  Extractor  
  49  3:46  Drone x3, Extractor  
  48  3:54  Overlord x2  
  47  4:03  Drone  
  48  4:15  Drone x2  
  50  4:19  Drone x2  
  52  4:25  Overlord x2  
  52  4:26  Lair  
  52  4:30  Drone x3, Roach Warren  
  54  4:32  Evolution Chamber x2  
  54  4:34  Burrow  
  52  4:58  Zerg Missile Weapons Level 1, Zerg Ground Armor Level 1  
  52  4:59  Overlord x2  
  52  5:08  Queen  
  52  5:12  Drone  
  52  5:13  Drone x4  
  59  5:14  Roach  
  59  5:18  Roach  
  59  5:19  Roach  
  65  5:23  Spine Crawler, Glial Reconstitution  
  65  5:26  Roach  
  65  5:27  Roach  
  68  5:36  Nydus Network  
  68  5:38  Roach  
  68  5:39  Roach  
  71  5:49  Roach  
  75  5:50  Roach x4  
  75  5:52  Overlord  
  83  6:04  Roach x4  
  83  6:05  Roach  
  91  6:16  Roach  
  91  6:17  Roach x4  
  100  6:30  Nydus Canal  
  100  6:35  Roach x6  
  112  6:47  Nydus Canal  
  112  6:53  Ravager  
  113  6:58  Spine Crawler  
  110  7:11  Roach  
  110  7:12  Roach x2  
  110  7:13  Overlord, Roach  
  110  7:14  Overlord x2  
  108  7:20  Spine Crawler  
  83  7:42  Roach x5  
  83  7:43  Roach x10  
Tags
 
Add a new tag
Caveats
  • Supply blocks, unpowered buildings, or Contaminate may cause inaccurate times.
  • Supply counts are checked every 10 seconds.